 Dungeon Crawl Stone Soup version 0.28-a0-1506-g3893175d92 (webtiles) character file.

Game seed: 6305683321947580394

1298 dolemite99 the Grappler (level 8, -1/71 HPs)
             Began as a Ghoul Fighter on Jan 14, 2022.
             Slain by a river rat (5 damage)
             ... on level 5 of the Dungeon.
             The game lasted 00:06:24 (7171 turns).

dolemite99 the Grappler (Ghoul Fighter)             Turns: 7171, Time: 00:06:24

Health: -1/71      AC:  6    Str: 20    XL:     8   Next: 56%
Magic:  7/7        EV:  9    Int:  5    God:
Gold:   169        SH:  5    Dex:  8    Spells: 7/7 levels left

rFire   . . .      SeeInvis .     - Unarmed
rCold   + . .      Faith    .   b - +1 buckler
rNeg    + + +      Spirit   .   a - +0 scale mail
rPois   ∞          Reflect  .   (no helmet)
rElec   .          Harm     .   (no cloak)
rCorr   .          Rampage  .   (no gloves)
Will    .....                   (no boots)
Stlth   ..........              (no amulet)
HPRegen 0.00/turn               (no ring)
MPRegen 0.10/turn               (no ring)

@: inhibited regen
A: claws 1, cold resistance 1, negative energy resistance 3, inhibited
regeneration, torment resistance 2
a: no special abilities


You were on level 5 of the Dungeon.
You visited 1 branch of the dungeon, and saw 5 of its levels.
You also visited: Sewer.

You collected 169 gold pieces.

Inventory:

Hand Weapons
 f - a +2 dagger of electrocution
 o - a +0 hand crossbow
Missiles
 e - 89 stones (quivered)
 l - 18 sling bullets
 m - 12 poisoned darts
 r - 20 bolts
 s - a throwing net
Armour
 a - a +0 scale mail (worn)
 b - a +1 buckler (worn)
Jewellery
 h - a ring of fire
Wands
 q - a wand of acid (6)
Scrolls
 c - a scroll of fear {unknown}
 k - 3 scrolls of identify {@r1}
Potions
 d - a potion of attraction
 g - 2 potions of brilliance {unknown}
 i - 6 potions of flight
 j - a potion of curing
 n - a potion of haste {unknown}
 p - a potion of lignification {unknown}
 t - a potion of resistance {unknown}
 u - a potion of might
 v - a potion of degeneration {unknown}


   Skills:
 + Level 6.7 Fighting
 - Level 2.6 Armour
 - Level 2.6 Shields
 - Level 9.6 Unarmed Combat


You had 7 spell levels left.
You didn't know any spells.
Your spell library contained the following spells:

 Spells                   Type           Power      Damage    Failure   Level
 Sandblast                Erth           0%         2d4       90%         1
 Corpse Rot               Necr/Air       0%         N/A       97%         2
 Passwall                 Tmut/Erth      0%         N/A       97%         2
 Poisonous Vapours        Pois/Air       0%         N/A       97%         2
 Stone Arrow              Conj/Erth      0%         3d7       99%         3


Dungeon Overview and Level Annotations

Branches:
Dungeon (5/15)              Sewer (visited)
 Temple: D:4-7

Altars:
Sif Muna

Annotations:
D:4 1 runed translucent door


Innate Abilities, Weirdness & Mutations

You thrive by killing the living.
You are immune to poison.
You have sharp fingernails.
Your flesh is cold resistant. (rC+)
You are immune to negative energy. (rN+++)
You do not regenerate when monsters are visible.
You are immune to unholy pain and torment.


Message History

You kill the hell rat!
The river rat bites you but does no damage.
The river rat completely misses you. The hell rat bites you!
You scratch the river rat.
The river rat is heavily wounded.
The river rat bites you.
* * * LOW HITPOINT WARNING * * *
The river rat bites you but does no damage.
The river rat completely misses you.
The hell rat bites you but does no damage.
You barely miss the river rat.
The river rat is heavily wounded.
The river rat completely misses you. The river rat bites you.
* * * LOW HITPOINT WARNING * * *
The river rat bites you!
* * * LOW HITPOINT WARNING * * *
The hell rat bites you but does no damage.
You claw the river rat!
You kill the river rat!
There are monsters nearby!
You feel better.
The river rat bites you but does no damage.
You feel better.
The hell rat bites you but does no damage.
The river rat bites you but does no damage.
You barely miss the hell rat. The hell rat bites you!
* * * LOW HITPOINT WARNING * * *
The hell rat bites you!
* * * LOW HITPOINT WARNING * * *
You scratch the hell rat.
The hell rat is moderately wounded.
The river rat bites you.
* * * LOW HITPOINT WARNING * * *
The hell rat bites you.
* * * LOW HITPOINT WARNING * * *
The hell rat completely misses you.
A river rat comes into view.
Found the +2 ratskin cloak {*Rats rPois rN+ Str-1 Int-1 Dex+1}.
You block the hell rat's attack. The river rat bites you.
You die...

#.# ##............. ..
#.....†...#### ..
#.#........# #
#####.......###
#.............#
........###.##.>..<
.#......#..###########
#.....##..###r.r..†.###
.......##.##..@#r..##..####
.......#.##.#.#r#######.#.#
#......##.##..rr.. ##.##
.......###.##r.#r... ###.#
......##..##..r #...[##..##
#.######r r..##.###
##.###### #####.##
##.†.#.###.#..##
####.#...#.###


You could see 2 hell rats and 5 river rats.

Vanquished Creatures
  The ghost of Strat the Gusty, an amateur TeAE (D:4)
  A necrophage (D:4)
  An ogre (D:4)
  A centaur (D:4)
  A phantom (D:5)
  A kobold brigand (Sewer)
  A gnoll sergeant (D:3)
  A scorpion (D:4)
  3 howler monkeys
  2 hounds
  A centaur skeleton (D:5)
  A hell rat (D:5)
  A hound skeleton (D:4)
  2 adders
  14 gnolls (D:3)
  14 river rats
  5 worms
  A dart slug (D:2)
  25 orcs (D:3)
  6 ball pythons
  5 endoplasms
  3 giant cockroaches
  5 goblins
  6 hobgoblins
  14 jackals
  4 quokkas
  7 bats
  4 frilled lizards
  7 kobolds
  11 rats
149 creatures vanquished.

Vanquished Creatures (others)
  A river rat (D:4)
  2 plants (D:3)
3 creatures vanquished.

Grand Total: 152 creatures vanquished

Notes
Turn   | Place    | Note
-------+----------+-------------------------------------------
     0 | D:1      | dolemite99 the Ghoul Fighter began the quest for the Orb.
     0 | D:1      | Reached XP level 1. HP: 19/19 MP: 0/0
   604 | D:1      | Reached skill level 3 in Unarmed Combat
   604 | D:1      | Reached XP level 2. HP: 26/26 MP: 1/1
  1034 | D:2      | Found a shimmering blue altar of Sif Muna.
  1263 | D:2      | Reached XP level 3. HP: 23/31 MP: 2/2
  1494 | D:2      | Reached skill level 4 in Unarmed Combat
  1822 | D:2      | Found a faded altar of an unknown god.
  2098 | D:3      | Found a glowing drain.
  2106 | D:3      | Reached XP level 4. HP: 30/38 MP: 3/3
  2108 | Sewer    | Entered a sewer
  2242 | Sewer    | Noticed a kobold brigand
  2271 | Sewer    | Killed a kobold brigand
  2272 | Sewer    | Reached skill level 5 in Unarmed Combat
  2272 | Sewer    | Reached XP level 5. HP: 14/45 MP: 4/4
  2892 | D:3      | Reached skill level 6 in Unarmed Combat
  3575 | D:3      | Reached XP level 6. HP: 32/51 MP: 5/5
  3598 | D:3      | Reached skill level 7 in Unarmed Combat
  4520 | D:3      | Reached skill level 8 in Unarmed Combat
  4520 | D:3      | Reached XP level 7. HP: 57/57 MP: 6/6
  5192 | D:4      | Reached skill level 9 in Unarmed Combat
  5586 | D:4      | Found a runed translucent door.
  5587 | D:4      | Noticed Strat's ghost (amateur TeAE)
  5801 | D:4      | Killed Strat's ghost
  5808 | D:4      | Found a runed translucent door.
  6106 | D:4      | Reached XP level 8. HP: 52/66 MP: 7/7
  6782 | D:4      | Reached skill level 5 in Fighting
  6919 | D:5      | Entered Level 5 of the Dungeon
  7171 | D:5      | Found the +2 ratskin cloak {*Rats rPois rN+ Str-1 Int-1
                  | Dex+1}
  7171 | D:5      | Slain by a river rat

Illustrated notes

Levels and vault maps discovered:
D:1:      amcnicky_arrival_abandoned_market, layout_rooms, serial_curves,
          eino_curves_03, eino_curves_03, eino_curves_02
D:2:      layout_basic, basic_altar, shapermc_ecumenical_altar_mp_highgroup,
          minmay_tromino_v4_c
D:3:      lemuel_castle_with_subvaults [lemuel_castle_interior_carwin_1],
          layout_basic, portal_sewer_entry_e
D:4:      layout_cave_pods, ebering_ghost_sewer_f
D:5:      wander_guarded_unrand_ratskin, layout_layer_cave

Skill      XL: |  1  2  3  4  5  6  7  8 |
---------------+-------------------------+-----
Unarmed Combat | 3 4 5 6 8 9 |  9.6
Fighting       | 4 6 |  6.7
Armour         | |  2.6
Shields        | |  2.6

Action                   |  1- 3 |  4- 6 |  7- 9 || total
-------------------------+-------+-------+-------++-------
Melee: Unarmed           |   120 |   222 |   166 ||   508
Throw: Stone             |    48 |    11 |    16 ||    75
  Use: Scroll            |       |     4 |     1 ||     5
       Potion            |       |     3 |     2 ||     5
Armor: Scale mail        |    53 |    74 |    54 ||   181
Dodge: Dodged            |    71 |   108 |    73 ||   252
Block: Buckler           |    22 |    47 |    43 ||   112

Table legend: (Time is in decaauts)
 A = Elapsed time spent in this place.
 B = Non-inter-level travel time spent in this place.
 C = Inter-level travel time spent in this place.
 D = Time resting spent in this place.
 E = Time spent auto-exploring this place.
 F = Levels seen in this place.
 G = Mean time per level.
                   A        B        C        D        E       F      G
               +--------+--------+--------+--------+--------+-----+--------+
         Total |   7181 |   6990 |    191 |   2371 |   3391 |   6 | 1196.8 |
       Dungeon |   6661 |   6470 |    191 |   2116 |   3213 |   5 | 1332.2 |
         Sewer |    520 |    520 |      0 |    255 |    177 |   1 |  520.0 |
               +--------+--------+--------+--------+--------+-----+--------+

Top non-repeatable levels by time:
     D:3: 2421 daAuts
     D:4: 2068 daAuts
     D:1: 1009 daAuts
     D:2: 918 daAuts
   Sewer: 520 daAuts
     D:5: 244 daAuts
